 Dungeon Crawl Stone Soup version 0.30-a0-354-g6b83867211 (webtiles) character file.

Game seed: 3410228373949203236

33 iguanaiguana the Shooter (level 3, -3/31 HPs)
             Began as a Tengu Hunter on Nov 8, 2022.
             Slain by a gnoll
             ... wielding a +0 flail
              (4 damage)
             ... on level 2 of the Dungeon.
             The game lasted 00:03:22 (1091 turns).

iguanaiguana the Shooter (Tengu Hunter)             Turns: 1091, Time: 00:03:23

Health: -3/31      AC:  2    Str: 11    XL:     3   Next: 29%
Magic:  4/4        EV: 12    Int:  9    God:
Gold:   60         SH:  0    Dex: 19    Spells: 2/2 levels left

rFire   . . .      SeeInvis .    a - +0 shortbow
rCold   . . .      Faith    .    (shield currently unavailable)
rNeg    . . .      Spirit   .    f - +0 robe
rPois   .          Reflect  .    (helmet restricted)
rElec   .          Harm     .    (no cloak)
rCorr   .          Rampage  .    (no gloves)
Will    .....                    (boots unavailable)
Stlth   ..........               (no amulet)
HPRegen 0.25/turn                (no ring)
MPRegen 0.09/turn                (no ring)

@: berserking, very quick
A: beak, talons 3
a: no special abilities


You were on level 2 of the Dungeon.
You visited 1 branch of the dungeon, and saw 2 of its levels.

You collected 60 gold pieces.

Inventory:

Hand Weapons
 a - a +0 shortbow (weapon)
Missiles
 i - 7 poisoned darts
 l - 3 javelins
Armour
 f - a +0 robe (worn)
Magical Staves
 d - a staff of fire
Scrolls
 b - a scroll of immolation
 h - 2 scrolls of enchant armour {unknown}
 j - a scroll of magic mapping {unknown}
 k - a scroll of identify {unknown}
Potions
 c - a potion of berserk rage
 e - a potion of degeneration {unknown}
 g - a potion of curing {unknown}


   Skills:
 - Level 2.0 Fighting
 + Level 5.6 Ranged Weapons
 - Level 2.1 Dodging
 - Level 1.0 Stealth


You had 2 spell levels left.
You didn't know any spells.
Your spell library contained the following spells:

 Spells                   Type           Power      Damage    Failure   Level
 Summon Small Mammal      Summ           0%         N/A       38%         1
 Call Canine Familiar     Summ           0%         N/A       77%         3
 Summon Guardian Golem    Hex/Summ       0%         N/A       77%         3


Dungeon Overview and Level Annotations

Branches:
Dungeon (2/15) Zot: 10884

Altars:

Shops:
D:1 (


Innate Abilities, Weirdness & Mutations

You have a beak for a mouth.
You have claws for feet.


Message History

You shoot an arrow. The arrow hits the goblin!
You kill the goblin!
l - 3 javelins A kobold comes into view.
It is wielding a +0 dagger.
You shoot an arrow. The arrow barely misses the kobold.
The kobold shouts!
The kobold throws a stone.
You shoot an arrow. The arrow hits the kobold.
You kill the kobold!
No target in view!
No target in view!
No target in view!
h - 2 scrolls labelled PASSEUR GAIHABRO (gained 1) 2 gnolls come into view.
Found 3 gold pieces.
The gnoll shouts! x2; You hear a shout!
The gnoll attacks as you move away! The gnoll hits you with a +0 flail!
Ouch! That really hurt!
* * * LOW HITPOINT WARNING * * *
There is a shaft here.
The gnoll falls through a shaft!
The shaft crumbles and collapses.
You are too injured to fight recklessly!
Fire: a) +0 shortbow
Press: ? - help, Q - select action, (/) - cycle Shift-Dir - straight line, f - gnoll
Aim: a gnoll, wielding a +0 flail (68% to hit)
You shoot an arrow. The arrow hits the gnoll.
The gnoll is moderately wounded.
The gnoll hits you with a +0 flail.
* * * LOW HITPOINT WARNING * * *
Fire: a) +0 shortbow
Press: ? - help, Q - select action, (/) - cycle Shift-Dir - straight line, f/p - gnoll
Aim: a gnoll, wielding a +0 flail (moderately wounded, 68% to hit)
You shoot an arrow. The arrow closely misses the gnoll.
The gnoll hits you with a +0 flail.
* * * LOW HITPOINT WARNING * * *
It was a potion of berserk rage.
A red film seems to cover your vision as you go berserk!
You feel yourself moving faster!
You feel mighty! The gnoll hits you with a +0 flail.
You die...

# #............ #
#.#.#.....#.. #
#.#.#.....#..
#.#.......#
#.........#
..##........#
#.......###.#########
#...........##......#
............##..@...#
............)...g...#
........###.....#...#
..####..# #.....#.#.#
.. ....# #.....#.#.#
...... #####.....#
...... #......# ....
.# #......#
..##.##......#######


You could see a gnoll.

Vanquished Creatures
  A worm (D:2)
  2 dart slugs (D:1)
  5 bats
  A giant cockroach (D:2)
  4 goblins
  2 hobgoblins (D:1)
  5 kobolds
  3 ball pythons (D:1)
  4 rats
27 creatures vanquished.

Notes
Turn   | Place    | Note
-------+----------+-------------------------------------------
     0 | D:1      | iguanaiguana the Tengu Hunter began the quest for the Orb.
     0 | D:1      | Reached XP level 1. HP: 12/12 MP: 2/2
   182 | D:1      | Found Kigairel's Weapon Shop.
   195 | D:1      | Reached XP level 2. HP: 17/17 MP: 3/3
   211 | D:1      | Reached skill level 5 in Ranged Weapons
   517 | D:1      | Found a faded altar of an unknown god.
   939 | D:2      | Reached XP level 3. HP: 21/21 MP: 4/4
  1090 | D:2      | HP: 1/21 [gnoll/+0 flail (4)]
  1091 | D:2      | Slain by a gnoll

Illustrated notes

Levels and vault maps discovered:
D:1:      nicolae_arrival_washed_ashore, layout_loops_ring,
          shapermc_ecumenical_altar_mp_highgroup, serial_shops,
          nicolae_shop_trees
D:2:      layout_basic

Skill      XL: |  1  2 |
---------------+-------+-----
Ranged Weapons | 5 |  5.6
Fighting       | |  2.0
Dodging        | |  2.1
Stealth        | |  1.0

Action                   || total
-------------------------++-------
 Fire: Shortbow          ||    77
  Use: Potion            ||     1
Armor: Robe              ||     9
Dodge: Dodged            ||    16

Table legend: (Time is in decaauts)
 A = Elapsed time spent in this place.
 B = Non-inter-level travel time spent in this place.
 C = Inter-level travel time spent in this place.
 D = Time resting spent in this place.
 E = Time spent auto-exploring this place.
 F = Levels seen in this place.
 G = Mean time per level.
                   A        B        C        D        E       F      G
               +--------+--------+--------+--------+--------+-----+--------+
         Total |   1114 |   1088 |     26 |      0 |    868 |   2 |  557.0 |
       Dungeon |   1114 |   1088 |     26 |      0 |    868 |   2 |  557.0 |
               +--------+--------+--------+--------+--------+-----+--------+

Top non-repeatable levels by time:
     D:1: 863 daAuts
     D:2: 251 daAuts
